 Dungeon Sprint DCSS version 0.27-a0-550-ge92ec0ca06 (webtiles) character file.

Game seed: 574778218756527050

4523019 mhtbhm the Axe Maniac (level 22, 193/279 HPs)
             Began as a Minotaur Fighter on Mar 7, 2021.
             Was the Champion of Trog.
             Escaped with the Orb
             ... and 3 runes!
             The game lasted 00:42:14 (14748 turns).

mhtbhm the Axe Maniac (Minotaur Fighter)           Turns: 14748, Time: 00:42:15

Health: 193/279    AC: 57    Str: 32    XL:     22   Next: 86%
Magic:  35/35      EV: 14    Int: 11    God:    Trog [******]
Gold:   362        SH: 34    Dex:  8    Spells: 21/21 levels left

rFire    + + +     SeeInvis .   r - +9 broad axe of a wizard's laboratory {vorpal, rF+ Will+ Str+3}
rCold    + + +     Faith    .   c - +6 tower shield {rC+}
rNeg     + + +     Spirit   .   b - +12 gold dragon scales
rPois    +         Reflect  .   V - +2 hat
rElec    +         Harm     .   M - +2 cloak {rCorr}
rCorr    +         Rampage  .   n - +4 pair of gloves
Will     ++...     NoTele   +   W - +4 pair of boots
Stlth    +.........             H - amulet of the Messenger {RegenMP rElec rN+++ Dex-4 Stlth-}
HPRegen  0.56/turn              J - ring "Mooriar" {+Inv rF+ rC+ Int+6}
MPRegen  0.49/turn              L - ring of Vell {rCorr Stlth+}

@: hasted (expiring), very quick
A: horns 2, talons 1, robust 2, inhibited regeneration, retaliatory headbutt
0: Orb of Zot
}: 3/3 runes: silver, golden, iron
a: Renounce Religion, Evoke Invisibility, Berserk, Trog's Hand, Brothers in Arms


You escaped.
You worshipped Trog.
Trog was exalted by your worship.
You visited 1 branch You collected 362 gold pieces.

Inventory:

Hand Weapons
 a - the +8 mithril axe "Arga" {speed, Will+}
   (Trog gifted it to you in the Dungeon)

   Attacks with this weapon are significantly faster.
   It affects your willpower, your defense against some magical effects.
 m - a +9 eudemon blade of holy wrath
 r - the +9 broad axe of a wizard's laboratory (weapon) {vorpal, rF+ Will+ Str+3}
   (Trog gifted it to you in the Dungeon)

   It inflicts extra damage upon your enemies.
   It affects your strength (+3).
   It protects you from fire.
   It affects your willpower, your defense against some magical effects.
 N - the +7 double sword of Disarray {vamp, rElec Dex+3}
   (You found it in the Dungeon)

   It inflicts no extra harm, but heals its wielder when it wounds a living foe.
   It affects your dexterity (+3).
   It insulates you from electricity.
Missiles
 t - 38 silver javelins (quivered)
Armour
 b - +12 gold dragon scales (worn)
 c - a +6 tower shield of cold resistance (worn)
 n - a +4 pair of gloves (worn)
 M - a +2 cloak of preservation (worn)
 V - a +2 hat (worn)
 W - a +4 pair of boots (worn)
Jewellery
 q - the ring of Byemequs {rF++ Slay+5}
   (You found it in the Dungeon)

   [ring of slaying]

   It affects your accuracy and damage with ranged weapons and melee attacks
   (+5).
   It greatly protects you from fire.
 H - the amulet of the Messenger (around neck) {RegenMP rElec rN+++ Dex-4 Stlth-}
   (You found it in the Dungeon)

   [amulet of magic regeneration]

   It increases your magic regeneration.
   It affects your dexterity (-4).
   It insulates you from electricity.
   It renders you almost immune to negative energy.
   It makes you less stealthy.
 J - the ring "Mooriar" (left hand) {+Inv rF+ rC+ Int+6}
   (You found it in the Dungeon)

   [ring of intelligence]

   It affects your intelligence (+6).
   It protects you from fire.
   It protects you from cold.
   It lets you turn invisible.
 K - the ring of Detovutz {rF+ Str+2 Int-5 SInv}
   (You found it in the Dungeon)

   [ring of protection from fire]

   It affects your strength (+2).
   It affects your intelligence (-5).
   It protects you from fire.
   It lets you see invisible.
 L - the ring of Vell (right hand) {rCorr Stlth+}
   (You found it in the Dungeon)

   [ring of resist corrosion]

   It provides partial protection from all sources of acid and corrosion.
   It makes you more stealthy.
Wands
 o - a wand of acid (7)
 s - a wand of paralysis (7)
Scrolls
 l - a scroll of summoning
 w - 3 scrolls of fear
 y - a scroll of silence
 A - 6 scrolls of enchant weapon
 B - 2 scrolls of fog
 C - 11 scrolls of identify
 D - 2 scrolls of immolation
 P - 2 scrolls of enchant armour
Potions
 d - 2 potions of might
 e - 15 potions of curing
 f - 18 potions of heal wounds
 g - 3 potions of haste
 h - 9 potions of magic
 i - 5 potions of berserk rage
 j - a potion of cancellation {unknown}
 k - a potion of invisibility
 p - 5 potions of mutation
 u - 2 potions of resistance
Miscellaneous
 v - a phantom mirror
 x - a box of beasts
 z - a condenser vane
 E - a tin of tremorstones (2/2)
 F - the horn of Geryon
 I - a lightning rod (4/4)


   Skills:
 O Level 27 Fighting
 - Level 2.0(17.5) Short Blades
 O Level 27 Long Blades
 O Level 27 Axes
 - Level 1.9(18.8) Maces & Flails
 - Level 1.9(18.8) Polearms
 - Level 1.9(2.7) Staves
 - Level 1.7(20.1) Slings
 O Level 27 Bows
 + Level 23.5 Crossbows
 O Level 27 Throwing
 O Level 27 Armour
 O Level 27 Dodging
 O Level 27 Stealth
 O Level 27 Shields
 O Level 27 Unarmed Combat
 + Level 20.6 Invocations
 O Level 27 Evocations


You had 21 spell levels left.
You didn't know any spells.
Your spell library was empty.

Dungeon Overview and Level Annotations

Branches:
Dungeon (1/1)

Altars:
Ashenzari
Cheibriados
Dithmenos
Elyvilon
Fedhas
Gozag
Hepliaklqana
Kikubaaqudgha
Makhleb
Nemelex Xobeh
Okawaru
Qazlal
Ru
Sif Muna
Trog
Uskayaw
Vehumet
Wu Jian
Xom
Yredelemnul
Zin
The Shining One
Beogh
Jiyva
Lugonu


Innate Abilities, Weirdness & Mutations

You have a pair of horns on your head.
You reflexively headbutt those who attack you in melee.
You have sharp toenails.
You are very robust. (+20% HP)
You do not regenerate when monsters are visible.


Message History

You feel sick.
There is a huge open gate to the Grid Vault (Hard) here.
There is a huge open gate to the Grid Vault (Hard) here.
There is a huge open gate to the Main Hall (Safe) here.
You feel sick.
You feel sick.
You feel sick.
You feel yourself speed up.
You feel sick.
You are no longer poisoned.
An Orb Guardian comes into view.
The Orb Guardian moves out of view.
The Orb Guardian hits you but does no damage.
There is a huge open gate to the Grid Vault (Hard) here.
You block the Orb Guardian's attack.
There is a huge open gate to the Grid Vault (Hard) here.
You slash the Orb Guardian! You headbutt the Orb Guardian!
The Orb Guardian is moderately wounded.
You block the Orb Guardian's attack.
You cut the Orb Guardian into ribbons!!!
You headbutt the Orb Guardian.
The Orb Guardian is almost dead.
You slice the Orb Guardian!!
You kill the Orb Guardian!
Trog accepts your kill.
No target in view!
No target in view!
No target in view!
No target in view!
No target in view!
No target in view!
No target in view!
There is an open door to the Storerooms (Easy) here.
You see here a +0 club.
You see here a +0 club.
There is an open door to the Storerooms (Easy) here.
There is an open door to the Entrance Hall (Safe) here.
Your extra speed is starting to run out.
There is a staircase leading out of the dungeon here.
You have escaped!

##########.##................''..
#..........)'................''..
#'#####'#####......#..#......##..
#.#..#.).'.##................##..
#.#..#...#.#####'#####''#########
#.#..#####.##.......##''# ######
#.#..'...#.##.......##..# #.....
#.#..'...).##.......##..# #..#'#.
#.#..########...@...##..##..##.##
#.#..'[))).##.......##.)##.##...#
#.#..#[))).##.......##.)####.....
#'###########.......##..)##......
#..).÷..#..###########....'......
#.÷#.#..#.############...##......
#.##.##.#)#....#.[.[##..####.....
#.......#'#....#...[##..##.##...#
#.##.##.#.÷....'..))##..##..##.##


There were no monsters in sight!

Vanquished Creatures
  Ereshkigal (D)
  6 ancient liches (D)
  5 pandemonium lords (D)
  2 orbs of fire (D)
  Mara (D)
  12 royal mummies (D)
  Boris (D)
  Frederick (D)
  2 Killer Klowns (D)
  Xtahua (D)
  the Lernaean hydra (D)
  2 curse toes (D)
  Nikola (D)
  Geryon (D)
  Jory (D)
  A profane servitor (D)
  7 bone dragons (D)
  2 pearl dragons (D)
  6 Tzitzimimeh (D)
  2 Brimstone Fiends (D)
  5 electric golems (D)
  A hellephant (D)
  7 Hell Sentinels (D)
  2 Ice Fiends (D)
  6 liches (D)
  28 Orb Guardians (D)
  5 titans (D)
  A tentacled monstrosity (D)
  3 deep elf blademasters (D)
  2 Executioners (D)
  3 deep elf master archers (D)
  2 acid blobs (D)
  A quicksilver dragon (D)
  2 sphinxes (D)
  Agnes (D)
  2 draconian monks (D)
  4 storm dragons (D)
  5 frost giants (D)
  A nagaraja (D)
  5 ghost moths (D)
  A daeva (D)
  3 fire giants (D)
  3 iron dragons (D)
  3 balrugs (D)
  An emperor scorpion (D)
  Louise (D)
  Aizul (D)
  4 cacodemons (D)
  3 draconian knights (D)
  3 deep elf sorcerers (D)
  5 ghouls (D)
  20 orc warlords (D)
  2 draconian annihilators (D)
  2 war gargoyles (D)
  An ophan (D)
  A spriggan defender (D)
  4 reapers (D)
  A draconian stormcaller (D)
  A green draconian (D)
  3 apis (D)
  3 deep elf demonologists (D)
  6 vampire knights (D)
  A purple draconian (D)
  4 deep elf annihilators (D)
  2 red draconians (D)
  2 white draconians (D)
  3 lorocyprocas (D)
  2 minotaurs (D)
  An eidolon (D)
  A merfolk javelineer (D)
  3 blizzard demons (D)
  7 mummy priests (D)
  A death ooze (D)
  A deep elf death mage (D)
  2 fire dragons (D)
  An ettin (D)
  A deep elf high priest (D)
  3 yaktaur captains (D)
  A rakshasa (D)
  An ice dragon (D)
  3 vault guards (D)
  2 naga warriors (D)
  An ogre mage (D)
  A centaur warrior (D)
  An anaconda (D)
  A merfolk aquamancer (D)
  An alligator (D)
  2 two-headed ogres (D)
  A dancing weapon (D)
  2 death knights (D)
  A deep troll shaman (D)
  4 death yaks (D)
  A deep troll earth mage (D)
  A vampire mage (D)
  7 orc high priests (D)
  2 sun demons (D)
  Urug (D)
  4 spriggan berserkers (D)
  17 hell knights (D)
  A shock serpent (shapeshifter) (D)
  Nergalle (D)
  A sixfirhy (D)
  6 soul eaters (D)
  4 deep elf knights (D)
  4 skeletal warriors (D)
  A shadow wraith (D)
  4 deep trolls (D)
  A naga ritualist (D)
  A sea snake (D)
  A bog body (D)
  2 wizards (D)
  A phantasmal warrior (D)
  5 harpies (D)
  24 orc knights (D)
  A deep elf pyromancer (D)
  3 necromancers (D)
  An ugly thing (D)
  11 orc sorcerers (D)
  3 moths of wrath (D)
  A guardian serpent (D)
  A rust devil (D)
  An elephant (D)
  A naga mage (D)
  2 smoke demons (D)
  A merfolk siren (D)
  An eye of devastation (D)
  4 molten gargoyles (D)
  A hellion (D)
  A cane toad (D)
  A rime drake (D)
  5 yaktaurs (D)
  2 tormentors (D)
  A freezing wraith (D)
  A hellwing (D)
  A red devil (D)
  A wandering mushroom (D)
  4 merfolk (D)
  6 guardian mummies (D)
  A polar bear (D)
  A jumping spider (D)
  A wind drake (D)
  A tyrant leech (D)
  9 dream sheep (D)
  4 blink frogs (D)
  2 large abominations (D)
  A flying skull (D)
  6 redbacks (D)
  5 water elementals (D)
  2 vampires (D)
  A ynoxinul (D)
  An air elemental (D)
  A tarantella (D)
  A yak (D)
  A fire elemental (D)
  A chaos spawn (D)
  3 vampire mosquitoes (D)
  2 wargs (D)
  3 nagas (D)
  2 soldier ants (D)
  A floating eye (D)
  An ice beast (D)
  A black bear (D)
  A necrophage (D)
  8 orc warriors (D)
  2 eyes of draining (D)
  2 wolves (D)
  3 kobold brigands (D)
  2 bullfrogs (D)
  An earth elemental (D)
  2 quasits (D)
  A hound (D)
  2 orc priests (D)
  An iron imp (D)
  An iguana (D)
  A hell rat (D)
  2 gnolls (D)
  A river rat (D)
  An ufetubus (D)
  2 worms (D)
  4 adder skeletons (D)
  2 adder zombies (D)
  2 adder simulacra (D)
  A leopard gecko (D)
  An orc (D)
  A bat skeleton (D)
  5 bat zombies (D)
  A giant cockroach (D)
  2 goblins (D)
  2 hobgoblins (D)
  3 jackals (D)
  A ball python (D)
  A ball python skeleton (D)
  A ball python zombie (D)
  4 bat simulacra (D)
  A frilled lizard (D)
  2 giant cockroach simulacra (D)
  3 giant cockroach zombies (D)
  3 jackal zombies (D)
  2 leopard gecko simulacra (D)
  A leopard gecko skeleton (D)
  A leopard gecko zombie (D)
  A quokka zombie (D)
  A rat (D)
  2 ball lightnings (D)
549 creatures vanquished.

Vanquished Creatures (collateral kills)
  A pandemonium lord (D)
  A tentacled monstrosity (D)
  2 electric golems (D)
  A deep elf master archer (D)
  A draconian monk (D)
  A deep elf sorcerer (D)
  An iron dragon (D)
  An orc warlord (D)
  A black draconian (D)
  A merfolk javelineer (D)
  A mummy priest (D)
  A deep elf death mage (D)
  A hydra (D)
  A death yak (D)
  A death knight (D)
  A vampire mage (D)
  A hell knight (D)
  2 orc knights (D)
  A wolf spider (shapeshifter) (D)
  A rust devil (D)
  A yaktaur (D)
  A rime drake (D)
  2 merfolk (D)
  A jumping spider (D)
  An air elemental (D)
  2 redbacks (D)
  A large abomination (D)
31 creatures vanquished.

Vanquished Creatures (others)
  A pandemonium lord (D)
  A moth of wrath (D)
  An orc warrior (D)
  A giant cockroach zombie (D)
  A quokka zombie (D)
  5 ball lightnings (D)
10 creatures vanquished.

Grand Total: 590 creatures vanquished

Notes
Turn   | Place    | Note
-------+----------+-------------------------------------------
     0 | D        | mhtbhm the Minotaur Fighter began the quest for the Orb.
     0 | D        | Reached XP level 1. HP: 19/19 MP: 0/0
    17 | D        | Found a bloodstained altar of Trog.
    17 | D        | Found a shimmering blue altar of Sif Muna.
    17 | D        | Found a viscous altar of Jiyva.
    17 | D        | Found a hazy altar of Hepliaklqana.
    17 | D        | Found an opulent altar of Gozag.
    18 | D        | Found a glowing golden altar of the Shining One.
    18 | D        | Found a glowing silver altar of Zin.
    18 | D        | Found a basalt altar of Yredelemnul.
    18 | D        | Found a shimmering altar of Xom.
    18 | D        | Found an ornate altar of the Wu Jian Council.
    18 | D        | Found a sacrificial altar of Ru.
    18 | D        | Found a stormy altar of Qazlal.
    18 | D        | Found an iron altar of Okawaru.
    18 | D        | Found a sparkling altar of Nemelex Xobeh.
    18 | D        | Found a burning altar of Makhleb.
    18 | D        | Found a blossoming altar of Fedhas.
    18 | D        | Found a white marble altar of Elyvilon.
    18 | D        | Found a shadowy altar of Dithmenos.
    18 | D        | Found a snail-covered altar of Cheibriados.
    20 | D        | Found a radiant altar of Vehumet.
    20 | D        | Found a corrupted altar of Lugonu.
    22 | D        | Became a worshipper of Trog the Wrathful
    63 | D        | Reached XP level 2. HP: 27/28 MP: 1/1
   111 | D        | Reached * piety under Trog
   118 | D        | Reached skill level 5 in Fighting
   118 | D        | Reached skill level 5 in Armour
   118 | D        | Reached skill level 5 in Shields
   123 | D        | Noticed a floating eye
   123 | D        | Noticed a bullfrog
   124 | D        | Paralysed by a floating eye for 3 turns
   128 | D        | Reached ** piety under Trog
   130 | D        | Killed a floating eye
   131 | D        | Reached XP level 3. HP: 20/38 MP: 2/2
   131 | D        | Reached XP level 4. HP: 23/45 MP: 3/3
   136 | D        | Killed a bullfrog
   137 | D        | Reached XP level 5. HP: 14/52 MP: 4/4
   397 | D        | Reached skill level 1 in Dodging
   397 | D        | Reached *** piety under Trog
   398 | D        | Reached XP level 6. HP: 61/61 MP: 5/5
   411 | D        | Reached **** piety under Trog
   443 | D        | Noticed a yak
   446 | D        | Killed a yak
   447 | D        | Reached skill level 10 in Axes
   447 | D        | Reached XP level 7. HP: 58/70 MP: 6/6
   459 | D        | Reached ***** piety under Trog
   474 | D        | Noticed a bog body
   474 | D        | Noticed a vampire mosquito
   474 | D        | Noticed a vampire mosquito
   474 | D        | Noticed a vampire mosquito
   481 | D        | Killed a vampire mosquito
   485 | D        | Killed a bog body
   486 | D        | Reached skill level 10 in Fighting
   486 | D        | Reached skill level 10 in Armour
   486 | D        | Reached skill level 10 in Shields
   486 | D        | Reached XP level 8. HP: 41/79 MP: 7/7
   490 | D        | Reached ****** piety under Trog
   491 | D        | Reached skill level 5 in Dodging
   744 | D        | Found a hide-covered altar of Uskayaw.
   744 | D        | Found an ancient bone altar of Kikubaaqudgha.
   744 | D        | Found a broken altar of Ashenzari.
   781 | D        | Noticed a dream sheep
   784 | D        | Noticed a dream sheep
   786 | D        | Noticed an orc high priest
   786 | D        | Noticed a rakshasa
   786 | D        | Noticed a dream sheep
   786 | D        | Noticed a dream sheep
   786 | D        | Noticed a dream sheep
   790 | D        | Killed a dream sheep
   790 | D        | Received a gift from Trog
   791 | D        | Reached XP level 9. HP: 86/86 MP: 8/8
   793 | D        | Reached skill level 15 in Axes
   802 | D        | Received a gift from Trog
   804 | D        | Killed an orc high priest
   809 | D        | Killed a rakshasa
   810 | D        | Reached XP level 10. HP: 97/97 MP: 9/9
   873 | D        | Noticed Aizul
   896 | D        | Killed Aizul
  1185 | D        | Noticed a naga ritualist
  1186 | D        | Noticed a naga warrior
  1203 | D        | Killed a naga ritualist
  1203 | D        | Received a gift from Trog
  1211 | D        | Killed a naga warrior
  1462 | D        | Noticed a harpy
  1462 | D        | Noticed a harpy
  1462 | D        | Noticed a harpy
  1462 | D        | Noticed a harpy
  1462 | D        | Noticed a harpy
  1466 | D        | Killed a harpy
  1468 | D        | Killed a harpy
  1469 | D        | Reached XP level 11. HP: 107/107 MP: 10/10
  1469 | D        | Killed a harpy
  1469 | D        | Killed a harpy
  1472 | D        | Killed a harpy
  1545 | D        | Received a gift from Trog
  1546 | D        | Found the +8 mithril axe "Arga" {speed, Will+}
  1660 | D        | Identified the +9 broad axe of a wizard's laboratory
                  | {vorpal, rF+ Will+ Str+3} (Trog gifted it to you in the
                  | Dungeon)
  1660 | D        | Received a gift from Trog
  1661 | D        | Reached skill level 1 in Stealth
  1965 | D        | Received a gift from Trog
  1997 | D        | Reached skill level 15 in Fighting
  2002 | D        | Noticed a phantasmal warrior
  2002 | D        | Noticed Urug
  2009 | D        | Killed Urug
  2009 | D        | Received a gift from Trog
  2010 | D        | Reached skill level 15 in Shields
  2015 | D        | Killed a phantasmal warrior
  2122 | D        | Noticed a death yak
  2122 | D        | Noticed a two-headed ogre
  2128 | D        | Received a gift from Trog
  2132 | D        | Killed a two-headed ogre
  2133 | D        | Reached XP level 12. HP: 73/122 MP: 11/11
  2135 | D        | Killed a death yak
  2136 | D        | Reached skill level 10 in Dodging
  2143 | D        | Received a gift from Trog
  2611 | D        | Noticed an anaconda
  2611 | D        | Noticed a merfolk aquamancer
  2611 | D        | Noticed a death knight
  2611 | D        | Noticed a ghoul
  2619 | D        | Killed an anaconda
  2627 | D        | Killed a death knight
  2629 | D        | Received a gift from Trog
  2637 | D        | Killed a ghoul
  2643 | D        | Killed a merfolk aquamancer
  2799 | D        | Noticed Agnes
  2801 | D        | Noticed an eidolon
  2804 | D        | Noticed a merfolk javelineer
  2805 | D        | Killed an eidolon
  2805 | D        | Received a gift from Trog
  2812 | D        | Killed a merfolk javelineer
  2815 | D        | Killed a lorocyproca
  2816 | D        | Received a gift from Trog
  2824 | D        | Reached XP level 13. HP: 71/134 MP: 2/12
  2829 | D        | Received a gift from Trog
  2831 | D        | HP: 9/202 [Agnes/+5 lajatang of pain (5)]
  2832 | D        | Killed Agnes
  2857 | D        | Received a gift from Trog
  2860 | D        | HP: 6/137 [hell knight/+3 vorpal battleaxe (5)]
  2999 | D        | Received a gift from Trog
  3323 | D        | Noticed an orc warlord
  3323 | D        | Noticed an orc warlord
  3334 | D        | Noticed an orc warlord
  3335 | D        | Received a gift from Trog
  3335 | D        | Killed an orc warlord
  3338 | D        | Killed an orc warlord
  3338 | D        | Received a gift from Trog
  3346 | D        | Reached skill level 5 in Stealth
  3346 | D        | Received a gift from Trog
  3347 | D        | Reached skill level 15 in Armour
  3353 | D        | Killed an orc warlord
  3354 | D        | Received a gift from Trog
  3625 | D        | Received a gift from Trog
  3626 | D        | Reached XP level 14. HP: 145/151 MP: 13/13
  3750 | D        | Noticed an Ice Fiend
  3755 | D        | Killed an Ice Fiend
  3978 | D        | Noticed a royal mummy
  3986 | D        | Killed a royal mummy
  4331 | D        | Noticed a royal mummy
  4342 | D        | Noticed an emperor scorpion
  4342 | D        | Noticed an emperor scorpion
  4342 | D        | Killed a royal mummy
  4342 | D        | Received a gift from Trog
  4343 | D        | Reached skill level 10 in Stealth
  4605 | D        | Received a gift from Trog
  4611 | D        | Received a gift from Trog
  4706 | D        | Noticed a royal mummy
  4715 | D        | Killed a royal mummy
  4974 | D        | Noticed a cacodemon
  4977 | D        | Gained mutation: You occasionally shout uncontrollably at
                  | your foes. [a cacodemon]
  4978 | D        | Gained mutation: You are clumsy. (Dex -2) [a cacodemon]
  4979 | D        | Killed a cacodemon
  4981 | D        | Noticed a Tzitzimitl
  4988 | D        | Killed a Tzitzimitl
  5396 | D        | Noticed a Hell Sentinel
  5403 | D        | Killed a Hell Sentinel
  5404 | D        | Reached XP level 15. HP: 166/166 MP: 14/14
  5482 | D        | Reached skill level 27 in Axes
  5504 | D        | Noticed a frost giant
  5510 | D        | Killed a frost giant
  5510 | D        | Received a gift from Trog
  5618 | D        | Noticed an Ice Fiend
  5622 | D        | Killed an Ice Fiend
  5664 | D        | Noticed an acid blob
  5668 | D        | Killed an acid blob
  5673 | D        | Noticed a Brimstone Fiend
  5678 | D        | Killed a Brimstone Fiend
  5823 | D        | Noticed a deep elf blademaster
  5827 | D        | Killed a deep elf blademaster
  5838 | D        | Received a gift from Trog
  5844 | D        | Noticed Deiga the pandemonium lord
  5850 | D        | Killed Deiga the pandemonium lord
  5851 | D        | Gained mutation: You are very clumsy. (Dex -4) [mutagenic
                  | glow]
  5862 | D        | Gained mutation: Your magical capacity is low. (-10% MP)
                  | [mutagenic glow]
  5951 | D        | Lost mutation: Your magical capacity is low. (-10% MP)
                  | [potion of mutation]
  5951 | D        | Lost mutation: You occasionally shout uncontrollably at
                  | your foes. [potion of mutation]
  5951 | D        | Lost mutation: You are very clumsy. (Dex -4) [potion of
                  | mutation]
  5951 | D        | Lost mutation: You are clumsy. (Dex -2) [potion of
                  | mutation]
  5951 | D        | Gained mutation: You expend magic power (3 MP) to
                  | strengthen your wands. [potion of mutation]
  5951 | D        | Gained mutation: You are partially covered in molten
                  | scales. (AC +2) [potion of mutation]
  5970 | D        | Noticed a curse toe
  5977 | D        | Killed a curse toe
  6227 | D        | Noticed an ancient lich
  6232 | D        | Killed an ancient lich
  6236 | D        | Noticed a tentacled monstrosity
  6236 | D        | Noticed Heffa the pandemonium lord
  6236 | D        | Noticed a white draconian knight
  6246 | D        | Killed Heffa the pandemonium lord
  6247 | D        | Reached skill level 27 in Fighting
  6251 | D        | Killed a white draconian knight
  6254 | D        | Killed a tentacled monstrosity
  6285 | D        | Noticed a Killer Klown
  6303 | D        | Killed a Killer Klown
  6303 | D        | Received a gift from Trog
  6304 | D        | Reached XP level 16. HP: 135/183 MP: 15/15
  6325 | D        | Noticed a storm dragon
  6336 | D        | Killed a storm dragon
  6384 | D        | Noticed an Executioner
  6387 | D        | Killed an Executioner
  6467 | D        | Noticed an electric golem
  6469 | D        | Noticed Xtahua
  6469 | D        | Noticed a Hell Sentinel
  6471 | D        | Noticed an electric golem
  6477 | D        | Noticed a Hell Sentinel
  6484 | D        | Killed a Hell Sentinel
  6489 | D        | Killed an electric golem
  6489 | D        | Received a gift from Trog
  6490 | D        | Killed Xtahua
  6491 | D        | Reached skill level 27 in Shields
  6495 | D        | Killed a Hell Sentinel
  6497 | D        | HP: 4/183 [electric golem (6)]
  6498 | D        | Killed an electric golem
  6952 | D        | Noticed an electric golem
  6952 | D        | Noticed a deep elf master archer
  6956 | D        | Killed a deep elf master archer
  6964 | D        | Killed an electric golem
  7069 | D        | Noticed a pearl dragon
  7079 | D        | Killed a pearl dragon
  7079 | D        | Received a gift from Trog
  7080 | D        | Reached skill level 27 in Armour
  7114 | D        | Noticed a Hell Sentinel
  7122 | D        | Killed a Hell Sentinel
  7123 | D        | Reached skill level 1 in Maces & Flails
  7123 | D        | Reached skill level 1 in Polearms
  7123 | D        | Reached skill level 1 in Staves
  7123 | D        | Reached skill level 1 in Slings
  7123 | D        | Reached skill level 1 in Bows
  7123 | D        | Reached skill level 1 in Crossbows
  7123 | D        | Reached skill level 1 in Throwing
  7123 | D        | Reached skill level 1 in Unarmed Combat
  7123 | D        | Reached skill level 1 in Invocations
  7123 | D        | Reached skill level 1 in Evocations
  7127 | D        | Noticed a deep elf blademaster
  7127 | D        | Noticed Frederick
  7131 | D        | Noticed an ancient lich
  7132 | D        | Killed a deep elf blademaster
  7144 | D        | Noticed a Tzitzimitl
  7146 | D        | Killed an ancient lich
  7146 | D        | Received a gift from Trog
  7153 | D        | Killed a Tzitzimitl
  7160 | D        | Killed Frederick
  7161 | D        | Reached skill level 15 in Dodging
  7161 | D        | Reached XP level 17. HP: 191/191 MP: 17/17
  7220 | D        | Noticed an electric golem
  7235 | D        | Killed an electric golem
  7235 | D        | Received a gift from Trog
  7236 | D        | Reached skill level 10 in Throwing
  7273 | D        | Got the amulet of the Messenger {RegenMP rElec rN+++ Dex-4
                  | Stlth-}
  7277 | D        | Got the amulet "Coapoud" {RegenMP Int+3 Dex+3 Slay+2}
  7279 | D        | Got the ring "Mooriar" {+Inv rF+ rC+ Int+6}
  7284 | D        | Got the amulet of Beauty {Regen+ Int+2}
  7287 | D        | Got the ring of Vell {rCorr Stlth+}
  7291 | D        | Got the ring of Xacex {+Fly rPois Int+2 Dex-4}
  7293 | D        | Got the ring "Lylanull" {+Blink SInv}
  7295 | D        | Got the ring "Narex" {Wiz rF+}
  7298 | D        | Got the amulet "Kommy" {Faith rPois rF+ Str+4 Slay-4}
  7300 | D        | Got the ring "Voizoir" {Ice *Drain rN+ Str+4}
  7302 | D        | Got an iron rune of Zot
  7307 | D        | Got the ring of Moodiness {Fire Int+3}
  7309 | D        | Got the ring of the Immovable Suns {rElec rF- rN+++ MP+9
                  | Str-4}
  7311 | D        | Got the ring "Jiruic" {+Blink rElec AC+4}
  7509 | D        | Received a gift from Trog
  7517 | D        | Reached skill level 10 in Evocations
  7517 | D        | Noticed a Hell Sentinel
  7519 | D        | Noticed a Brimstone Fiend
  7523 | D        | Noticed a Hell Sentinel
  7526 | D        | Received a gift from Trog
  7547 | D        | Received a gift from Trog
  7556 | D        | Received a gift from Trog
  7557 | D        | Reached skill level 15 in Stealth
  7773 | D        | Received a gift from Trog
  7883 | D        | Got the amulet of Masing {RegenMP +Blink Int+4 Dex+6}
  7885 | D        | Got the amulet of the Solstice {*Corrode +Blink Regen+
                  | Int+5 SInv}
  7887 | D        | Got the amulet "Alok Retil" {Faith rPois}
  7889 | D        | Got the ring of Usajadeu {Fire rPois Will- Stlth+}
  7893 | D        | Got the ring "Soibb" {rF+ rN+}
  7895 | D        | Got the ring "Fuxzif" {Ice rElec Str+7 Dex+4}
  7897 | D        | Got the ring "Tyurhos" {+Inv rElec Will+}
  7899 | D        | Got the amulet of Yttoz {rPois Regen+ Str+5 Dex+2 Stlth-}
  7901 | D        | Got the ring of Fyhih {MP+9 Slay+2 Stlth+}
  7903 | D        | Got the amulet "Aclais" {Regen+ Str+2}
  7905 | D        | Got the ring of Dobar {+Fly rC+ Will- Dex+6}
  7909 | D        | Got the ring "Laphemn" {rPois rF+ rC+ Str-2 Stlth+}
  7911 | D        | Got the amulet of Yendor {Reflect rC+ Str-4 Dex+2 SH+5}
  7913 | D        | Got the amulet "Yhyqocue" {Reflect *Slow rC+ Str+3 SH+5
                  | Stlth+}
  7915 | D        | Got the amulet of Zazug {Faith rN+}
  7917 | D        | Got the ring "Ziucu" {Ice Str+4}
  7919 | D        | Got the ring "Qarchov" {Dex+4 SInv}
  7921 | D        | Got the ring of Joseh {+Inv rPois rF+}
  7934 | D        | Got the amulet "Ympust" {Spirit Fragile rElec Will- Slay+5}
  7954 | D        | Got the ring "Laschast" {+Inv rC+ Int+2 Dex-3 SInv}
  7956 | D        | Got the ring of Byemequs {rF++ Slay+5}
  7959 | D        | Got the ring of Zuem {*Contam rElec Int+3 Dex+5 SInv}
  7961 | D        | Got the ring of Kattenio {rC+ rN+}
  8091 | D        | Received a gift from Trog
  8225 | D        | Noticed Nikola
  8228 | D        | Identified the +4 broad axe of Exquisite Death {antimagic,
                  | rF++ Will- Str+2} (Trog gifted it to you in the Dungeon)
  8228 | D        | Received a gift from Trog
  8239 | D        | Killed Nikola
  8239 | D        | Received a gift from Trog
  8320 | D        | Received a gift from Trog
  8523 | D        | Noticed a profane servitor
  8534 | D        | Killed a profane servitor
  8541 | D        | Noticed a quicksilver dragon
  8541 | D        | Noticed a titan
  8550 | D        | Killed a quicksilver dragon
  8551 | D        | Received a gift from Trog
  8553 | D        | Reached XP level 18. HP: 108/200 MP: 18/18
  8561 | D        | Received a gift from Trog
  8837 | D        | Noticed a hellephant
  8851 | D        | Killed a hellephant
  8861 | D        | Noticed a royal mummy
  8861 | D        | Noticed a Killer Klown
  8877 | D        | Killed a royal mummy
  8877 | D        | Received a gift from Trog
  8896 | D        | Killed a Killer Klown
  9052 | D        | Noticed a Hell Sentinel
  9062 | D        | Killed a Hell Sentinel
  9199 | D        | Got the ring of Beduwap {rF+ Slay+4}
  9201 | D        | Got the ring of Edufeod {Ice Str+6 Stlth+}
  9203 | D        | Got the amulet "Wuxzid" {Faith rPois rC- Will+ Dex+8}
  9205 | D        | Got the ring "Likhlash" {Ice rN+}
  9207 | D        | Got the amulet "Cihurhar" {Faith rPois Stlth+}
  9209 | D        | Got the ring of Syovui {rPois Will+ MP+9}
  9211 | D        | Got the ring "Otrep" {*Corrode rElec rPois rC+ rN+}
  9213 | D        | Got the ring of Detovutz {rF+ Str+2 Int-5 SInv}
  9268 | D        | Got the +7 double sword of Disarray {vamp, rElec Dex+3}
  9368 | D        | Noticed Nergalle
  9375 | D        | Killed Nergalle
  9375 | D        | Received a gift from Trog
  9385 | D        | Reached skill level 27 in Stealth
  9399 | D        | Received a gift from Trog
  9406 | D        | Identified the +7 trident of the Seven Stories {antimagic,
                  | Str+3 Int+2} (Trog gifted it to you in the Dungeon)
  9406 | D        | Received a gift from Trog
  9417 | D        | Received a gift from Trog
  9429 | D        | Received a gift from Trog
  9430 | D        | Reached skill level 15 in Throwing
  9434 | D        | Received a gift from Trog
  9437 | D        | Noticed a tentacled monstrosity
  9437 | D        | Noticed a Hell Sentinel
  9439 | D        | Noticed a bone dragon
  9440 | D        | Noticed a Tzitzimitl
  9446 | D        | Killed a tentacled monstrosity
  9446 | D        | Identified the +8 broad axe "Yreypanu" {vorpal, +Rage}
                  | (Trog gifted it to you in the Dungeon)
  9446 | D        | Received a gift from Trog
  9464 | D        | Killed a bone dragon
  9464 | D        | Received a gift from Trog
  9465 | D        | Killed a Hell Sentinel
  9466 | D        | Reached skill level 15 in Evocations
  9475 | D        | Killed a Tzitzimitl
  9779 | D        | Received a gift from Trog
  9788 | D        | Reached XP level 19. HP: 207/207 MP: 19/19
 10004 | D        | Received a gift from Trog
 10015 | D        | Reached skill level 5 in Bows
 10016 | D        | Received a gift from Trog
 10049 | D        | Received a gift from Trog
 10084 | D        | Identified the +4 glaive of Pandemonium {flame, rPois Will-
                  | Dex+9 Stlth-} (Trog gifted it to you in the Dungeon)
 10084 | D        | Received a gift from Trog
 10109 | D        | Received a gift from Trog
 10126 | D        | Identified the +8 broad axe of the Dungeon {vorpal, Dex+5}
                  | (Trog gifted it to you in the Dungeon)
 10126 | D        | Received a gift from Trog
 10149 | D        | Received a gift from Trog
 10178 | D        | Received a gift from Trog
 10208 | D        | Got a silver rune of Zot
 10609 | D        | Noticed a bone dragon
 10609 | D        | Noticed a royal mummy
 10609 | D        | Noticed an ancient lich
 10609 | D        | Noticed a royal mummy
 10609 | D        | Noticed a royal mummy
 10609 | D        | Noticed an ancient lich
 10614 | D        | Received a gift from Trog
 10614 | D        | Received a gift from Trog
 10615 | D        | Identified the +4 quarterstaff of Qivuypiu {venom, +Rage}
 10617 | D        | Noticed an ancient lich
 10617 | D        | Noticed a bone dragon
 10620 | D        | Noticed a royal mummy
 10639 | D        | Killed an ancient lich
 10648 | D        | Killed an ancient lich
 10648 | D        | Received a gift from Trog
 10653 | D        | Killed a royal mummy
 10655 | D        | Received a gift from Trog
 10656 | D        | Killed a bone dragon
 10705 | D        | Killed a royal mummy
 10706 | D        | Reached XP level 20. HP: 38/216 MP: 20/20
 10715 | D        | Killed a royal mummy
 10715 | D        | Received a gift from Trog
 11036 | D        | Killed a royal mummy
 11037 | D        | Reached skill level 27 in Throwing
 11123 | D        | Identified the +11 war axe of the Lost Lives {venom,
                  | Fragile +Blink rF+ Dex+5}
 11123 | D        | Identified the +1 leather armour of Simosyampo {rF+}
 11126 | D        | Received a gift from Trog
 11138 | D        | Identified the +0 ring mail of Moehiz {Rampage rC+ Dex-4}
 11140 | D        | Noticed a bone dragon
 11146 | D        | Received a gift from Trog
 11155 | D        | Noticed a royal mummy
 11160 | D        | Killed a bone dragon
 11176 | D        | Killed a royal mummy
 11176 | D        | Received a gift from Trog
 11178 | D        | Killed an ancient lich
 11181 | D        | Killed a bone dragon
 11181 | D        | Received a gift from Trog
 11181 | D        | Noticed a royal mummy
 11185 | D        | Killed a royal mummy
 11188 | D        | Reached skill level 27 in Dodging
 11190 | D        | Received a gift from Trog
 11190 | D        | Identified the +2 great sword "Jucufu" {venom, rC+ Will+}
 11190 | D        | Identified the +1 robe of Orom {Will+ Dex+4}
 11193 | D        | Noticed a bone dragon
 11196 | D        | Killed a bone dragon
 11220 | D        | Noticed a bone dragon
 11226 | D        | Killed a bone dragon
 11241 | D        | Received a gift from Trog
 11244 | D        | Noticed a bone dragon
 11259 | D        | Killed a bone dragon
 11260 | D        | Reached skill level 27 in Evocations
 11272 | D        | Identified the +8 dire flail "Zeuptiumn" {flame, Will+}
                  | (Trog gifted it to you in the Dungeon)
 11272 | D        | Received a gift from Trog
 11289 | D        | Identified the +7 dagger of Ibloelev {vorpal, Dex+7}
 11319 | D        | Got a golden rune of Zot
 11487 | D        | Noticed an ancient lich
 11631 | D        | Killed an ancient lich
 12234 | D        | Noticed a curse toe
 12240 | D        | Identified the +4 war axe "Sohohiw" {vorpal, Str+4 Int-5
                  | Dex-4 SInv} (Trog gifted it to you in the Dungeon)
 12240 | D        | Received a gift from Trog
 12241 | D        | Reached skill level 5 in Long Blades
 12247 | D        | Reached skill level 10 in Long Blades
 12248 | D        | Killed a curse toe
 12249 | D        | Reached skill level 15 in Long Blades
 12255 | D        | Received a gift from Trog
 12553 | D        | Noticed Mara
 12562 | D        | Reached XP level 21. HP: 209/224 MP: 21/21
 12564 | D        | Noticed mhtbhm's illusion
 12571 | D        | Noticed a royal mummy
 12572 | D        | Received a gift from Trog
 12579 | D        | Received a gift from Trog
 12580 | D        | Received a gift from Trog
 12586 | D        | Received a gift from Trog
 12589 | D        | Killed a royal mummy
 12590 | D        | Reached skill level 27 in Long Blades
 12596 | D        | Killed Mara
 12600 | D        | Received a gift from Trog
 12606 | D        | Received a gift from Trog
 13017 | D        | Received a gift from Trog
 13059 | D        | Noticed Ereshkigal
 13060 | D        | Noticed an orb of fire
 13073 | D        | Gained mutation: You are frail. (-10% HP) [an orb of fire]
 13074 | D        | Killed an orb of fire
 13092 | D        | Reached skill level 27 in Bows
 13135 | D        | Killed Ereshkigal
 13135 | D        | Received a gift from Trog
 13150 | D        | Reached skill level 15 in Unarmed Combat
 13487 | D        | Noticed Tyem the pandemonium lord
 13487 | D        | Noticed Jory
 13488 | D        | Noticed Boris
 13509 | D        | Killed Jory
 13511 | D        | Killed Boris
 13522 | D        | Killed Tyem the pandemonium lord
 13743 | D        | Lost mutation: You are frail. (-10% HP) [potion of
                  | mutation]
 13743 | D        | Lost mutation: You expend magic power (3 MP) to strengthen
                  | your wands. [potion of mutation]
 13743 | D        | Lost mutation: You are partially covered in molten scales.
                  | (AC +2) [potion of mutation]
 13743 | D        | Gained mutation: You are robust. (+10% HP) [potion of
                  | mutation]
 13743 | D        | Gained mutation: You have sharp toenails. [potion of
                  | mutation]
 13743 | D        | Gained mutation: You are very robust. (+20% HP) [potion of
                  | mutation]
 13747 | D        | Noticed Qiosa the pandemonium lord
 13748 | D        | Noticed the 27-headed Lernaean hydra
 13748 | D        | Noticed Jettidar the pandemonium lord
 13748 | D        | Noticed a royal mummy
 13750 | D        | Noticed Geryon
 13751 | D        | Noticed an orb of fire
 13751 | D        | Killed the 27-headed Lernaean hydra
 13754 | D        | Received a gift from Trog
 13754 | D        | Noticed Louise
 13759 | D        | Reached XP level 22. HP: 262/279 MP: 22/22
 13765 | D        | Killed Jettidar the pandemonium lord
 13767 | D        | Received a gift from Trog
 13770 | D        | Gained mutation: You do not regenerate when monsters are
                  | visible. [an orb of fire]
 13775 | D        | Killed Qiosa the pandemonium lord
 13777 | D        | Killed an orb of fire
 13777 | D        | Received a gift from Trog
 13778 | D        | Reached skill level 27 in Unarmed Combat
 13784 | D        | Killed a royal mummy
 13785 | D        | Reached skill level 15 in Crossbows
 13796 | D        | Killed Louise
 13796 | D        | Received a gift from Trog
 13797 | D        | Killed Geryon
 13835 | D        | Reached skill level 15 in Invocations
 14281 | D        | Received a gift from Trog
 14312 | D        | Noticed Huonk the pandemonium lord
 14312 | D        | Noticed Xior the pandemonium lord
 14329 | D        | Killed Huonk the pandemonium lord
 14338 | D        | Killed Xior the pandemonium lord
 14586 | D        | Got the Orb of Zot
 14671 | D        | Received a gift from Trog
 14748 | D        | Escaped with the Orb!

Illustrated notes

Levels and vault maps discovered:
D:        pitsprint [storerooms_1, entrance_room_1, metal_vault_3, armoury_1,
          mini_pit_1, grid_room_1, main_hall_1, silver_pit, the_coven_2,
          the_vestibule_1, steel_vault_5, golden_pit, hallway_of_sentries,
          crystal_vault_1, iron_vault_2, final_vault]

Skill      XL: |  1  2  3  4  5  6  7  8  9 10 11 12 13 14 15 16 17 18 19 20 21 22 |
---------------+-------------------------------------------------------------------+-----
Fighting       | 4 6 7 8 9 10 11 13 15 18 21 24 27 | 27.0
Armour         | 4 6 7 8 9 10 11 12 13 14 15 17 22 27 | 27.0
Shields        | 4 6 7 8 10 12 13 15 17 18 20 24 27 | 27.0
Axes           | 3 6 7 8 10 13 14 17 19 21 23 25 26 27 | 27.0
Dodging        | 1 2 4 5 7 8 9 11 12 15 17 21 22 27 | 27.0
Stealth        | 1 2 7 10 13 22 27 | 27.0
Short Blades   | 2 |  2.0
Long Blades    | 2 21 27 | 27.0
Maces & Flails | 1 |  1.9
Polearms       | 1 |  1.9
Staves         | 1 |  1.9
Slings         | 1 |  1.7
Bows           | 1 8 18 27 | 27.0
Crossbows      | 1 23 | 23.5
Throwing       | 8 12 17 26 27 | 27.0
Unarmed Combat | 1 22 27 | 27.0
Invocations    | 1 20 | 20.6
Evocations     | 8 11 16 22 27 | 27.0

Action                   |  1- 3 |  4- 6 |  7- 9 | 10-12 | 13-15 | 16-18 | 19-21 | 22-24 || total
-------------------------+-------+-------+-------+-------+-------+-------+-------+-------++-------
Melee: Hand axe          |    16 |    30 |    30 |       |       |       |       |       ||    76
       Headbutt          |     3 |     7 |    11 |    32 |    56 |   107 |   121 |    25 ||   362
       War axe           |     1 |       |       |    61 |       |       |       |       ||    62
       Broad axe         |       |       |    23 |   118 |   237 |   398 |   500 |   112 ||  1388
Throw: Javelin           |       |       |       |       |       |       |    41 |     3 ||    44
Invok: Berserk           |       |     1 |     2 |     7 |    11 |    10 |     8 |     1 ||    40
       Brothers in Arms  |       |       |       |       |     5 |     7 |     5 |     2 ||    19
       Trog's Hand       |       |       |       |       |     1 |     1 |     5 |       ||     7
 Abil: Evoke Invisibilit |       |       |       |       |       |       |     1 |       ||     1
Evoke: Condenser vane    |       |       |       |       |       |       |     8 |     1 ||     9
       Tin of tremorston |       |       |       |       |       |       |     5 |       ||     5
  Use: Potion            |       |       |       |     2 |     5 |     5 |    25 |     5 ||    42
       Scroll            |       |       |       |       |       |       |    17 |       ||    17
 Stab: Invisible         |       |       |       |       |    12 |       |       |       ||    12
       Distracted        |       |       |       |       |     1 |     1 |       |     1 ||     3
       Sleeping          |       |       |       |       |       |     1 |       |       ||     1
Armor: Scale mail        |    11 |    11 |     9 |       |       |       |       |       ||    31
       Ring mail         |       |       |     3 |    40 |     3 |       |       |       ||    46
       Plate armour      |       |       |       |       |     5 |       |       |       ||     5
       Gold dragon scale |       |       |       |       |    21 |   216 |   269 |    38 ||   544
Dodge: Dodged            |     8 |     4 |    11 |    55 |    41 |    94 |   141 |    16 ||   370
Block: Kite shield       |    10 |    16 |    16 |   104 |    33 |       |       |       ||   179
       Tower shield      |       |       |       |       |    86 |   507 |   695 |   106 ||  1394

Table legend: (Time is in decaauts) A = Elapsed time spent in this place. B = Non-inter-level travel time spent in this place. C = Inter-level travel time spent in this place. D = Time resting spent in this place. E = Time spent auto-exploring this place. F = Levels seen in this place. G = Mean time per level. A B C D E F G +--------+--------+--------+--------+--------+-----+--------+ Total | 14585 | 14570 | 15 | 9031 | 458 | 1 | 14585.0 | Dungeon | 14585 | 14570 | 15 | 9031 | 458 | 1 | 14585.0 | +--------+--------+--------+--------+--------+-----+--------+

Top non-repeatable levels by time:
       D: 14585 daAuts
